 Dungeon Crawl Stone Soup version 0.21.1-1-g345015f (webtiles) character file.

1881 kae the Insei (level 8, 0/61 HPs)
             Began as a Demonspawn Transmuter on June 13, 2018.
             Was an Initiate of Wu Jian.
             Slain by a sky beast (6 damage)
             ... on level 7 of the Dungeon.
             The game lasted 00:08:25 (7929 turns).

kae the Insei (Demonspawn Transmuter)               Turns: 7929, Time: 00:08:26

Health: 0/61       AC:  2    Str: 10    XL:     8   Next: 91%
Magic:  8/14       EV: 24    Int: 16    God:    Wu Jian [......]
Gold:   399        SH:  0    Dex: 23    Spells: 10/16 levels left

rFire    . . .     SeeInvis .     - Unarmed
rCold    . . .     Gourm    .   (shield currently unavailable)
rNeg     . . .     Faith    .   (armour currently unavailable)
rPois    .         Spirit   .   (helmet currently unavailable)
rElec    .         Reflect  .   (cloak currently unavailable)
rCorr    .         Harm     .   (gloves currently unavailable)
MR       .....                  (boots currently unavailable)
Stlth    ++........             (no amulet)
HPRegen  0.20/turn              g - +3 ring of dexterity
MPRegen  0.14/turn              m - ring of poison resistance

@: spider-form, very slightly contaminated
A: tiny, powered by death 1
a: End Transformation, Renounce Religion


You were on level 7 of the Dungeon.
You worshipped Wu Jian.
Wu Jian was noncommittal.
You were not hungry.
You were a venomous arachnid creature.
You visited 2 branches of the dungeon, and saw 8 of its levels.

You collected 399 gold pieces.

Inventory:

Missiles
 a - 91 arrows
 y - a throwing net (quivered)
Armour
 b - a +0 robe (melded)
 f - a +1 pair of gloves (melded)
 r - a +0 pair of boots (melded)
 C - a +2 hat (melded)
Jewellery
 g - a +3 ring of dexterity (left front leg)
 m - a ring of poison resistance (right front leg)
 v - an uncursed ring of ice
 A - an uncursed ring of see invisible
Wands
 h - a wand of scattershot (6)
 u - a wand of flame (61)
 B - a wand of disintegration (19)
Scrolls
 j - 3 scrolls of teleportation
 l - 2 scrolls of remove curse
 n - 2 scrolls of fog
 p - 3 scrolls of identify
Potions
 e - 4 potions of flight
 i - 2 potions of resistance
 k - 2 potions of brilliance
 o - 4 potions of curing
 s - a potion of magic
 t - 4 potions of mutation
 w - 2 potions of heal wounds
 x - 3 potions of cancellation
 E - a potion of agility {unknown}
Books
 c - a book of Changes

   Spells                             Type                      Level
   a - Beastly Appendage              Transmutation                1
   b - Sticks to Snakes               Transmutation                2
   c - Spider Form                    Transmutation/Poison         3
   d - Ice Form                       Ice/Transmutation            4
   e - Blade Hands                    Transmutation                5
 q - a book of Geomancy

   Spells                             Type                      Level
   a - Sandblast                      Earth                        1
   b - Passwall                       Transmutation/Earth          2
   c - Stone Arrow                    Conjuration/Earth            3
   d - Petrify                        Transmutation/Earth          4
   e - Lee's Rapid Deconstruction     Earth                        5
 z - a book of Cantrips

   Spells                             Type                      Level
   a - Confusing Touch                Hexes                        1
   b - Animate Skeleton               Necromancy                   1
   c - Summon Small Mammal            Summoning                    1
   d - Apportation                    Translocation                1
Comestibles
 d - 3 rations
 D - a chunk of flesh


   Skills:
 + Level 4.6 Fighting
 + Level 4.4 Dodging
 * Level 6.8 Unarmed Combat
 + Level 4.6 Spellcasting
 + Level 4.6 Transmutations


You had 10 spell levels left.
You knew the following spells:

 Your Spells              Type           Power        Failure   Level  Hunger
a - Beastly Appendage     Tmut           ###...       9%          1    None
b - Sticks to Snakes      Tmut           ###.....     12%         2    ##.....
c - Spider Form           Tmut/Pois      ##........   38%         3    ###....


Dungeon Overview and Level Annotations

Branches:
Dungeon (7/15)             Temple (1/1) D:6

Altars:
Ashenzari
Elyvilon
Fedhas
Kikubaaqudgha
Nemelex Xobeh
Okawaru
Qazlal
Ru
Trog
Uskayaw
Vehumet
Wu Jian
Xom
Yredelemnul
Zin
The Shining One

Annotations:
D:3 nicolaieve's ghost, amateur MiBe
D:4 inc's ghost, amateur OpIE
D:5 Monsterracer's ghost, novice GrFi


Innate Abilities, Weirdness & Mutations

((You have a pair of horns on your head.))
((You are partially covered in molten scales. (AC +2)))
You regenerate a little health from kills.


Message History

Reactivating autopickup.
The sky beast misses you. The centaur barely misses you.
The sky beast hits you. The sky beast shocks you. The centaur hits you!
You hit the centaur but do no damage.
The centaur is poisoned.
The centaur is moderately wounded.
The centaur completely misses you. The sky beast misses you.
You barely miss the centaur.
The centaur is moderately wounded.
The centaur hits you!
* * * LOW HITPOINT WARNING * * *
The sky beast hits you but does no damage.
The centaur barely misses you.
You closely miss the sky beast.
The sky beast is almost dead.
The centaur hits you.
* * * LOW HITPOINT WARNING * * *
The sky beast hits you.
* * * LOW HITPOINT WARNING * * *
The sky beast shocks you.
You die...

........#
.........
........# ...
........######...
#................
....#...........#
#...c)........#
#...s........# #.
###.Y)†......#...
#...(......#.#
#............#
#...(.(.>...#
#......(....#
##..#.(.#.###
....####(..# ####
#...##


You could see a sky beast and a centaur.

Vanquished Creatures
  An ice beast (D:6)
  A sky beast (D:7)
  4 ogres
  2 centaurs
  A bullfrog (D:5)
  A scorpion (D:4)
  A water moccasin skeleton (D:6)
  5 howler monkeys (D:7)
  5 crimson imps
  2 bullfrog zombies (D:5)
  2 hounds (D:5)
  A jelly (D:5)
  An orc priest (D:6)
  3 orc wizards (D:6)
  2 iguanas (D:4)
  4 worker ants
  A worker ant zombie (D:5)
  9 adders
  A shadow imp (D:7)
  2 adder skeletons
  7 worms
  4 dart slugs
  2 leopard geckos
  9 orcs
  5 bats
  3 giant cockroaches
  6 goblins
  6 hobgoblins
  14 jackals
  6 kobolds
  5 quokkas
  2 ball pythons
  9 frilled lizards
  A giant cockroach zombie (D:5)
  A jackal skeleton (D:5)
  A leopard gecko skeleton (D:5)
  9 rats
139 creatures vanquished.

Vanquished Creatures (collateral kills)
  An ogre (D:4)
  2 orcs (D:4)
3 creatures vanquished.

Grand Total: 142 creatures vanquished

Notes
Turn   | Place    | Note
-------+----------+-------------------------------------------
     0 | D:1      | kae the Demonspawn Transmuter began the quest for the Orb.
     0 | D:1      | Reached XP level 1. HP: 15/15 MP: 3/3
   106 | D:1      | Gained mutation: You have a pair of small horns on your head. [demonic ancestry]
   106 | D:1      | Reached XP level 2. HP: 11/21 MP: 3/5
   121 | D:1      | Learned a level 2 spell: Sticks to Snakes
   312 | D:1      | Reached skill level 3 in Unarmed Combat
  1094 | D:1      | Reached XP level 3. HP: 26/26 MP: 4/6
  1099 | D:1      | Learned a level 3 spell: Spider Form
  1594 | D:2      | Reached XP level 4. HP: 21/33 MP: 3/7
  2272 | D:3      | Found a faded altar of an unknown god.
  2349 | D:3      | Found a basalt altar of Yredelemnul.
  2358 | D:3      | Found a glowing golden altar of the Shining One.
  2360 | D:3      | Noticed an angel
  2483 | D:3      | Noticed nicolaieve's ghost (amateur MiBe)
  2646 | D:4      | Reached XP level 5. HP: 35/38 MP: 5/8
  2821 | D:4      | Noticed an ogre
  2840 | D:4      | Killed an ogre
  2840 | D:4      | Reached skill level 4 in Unarmed Combat
  3231 | D:4      | Gained mutation: You have a pair of horns on your head. [demonic ancestry]
  3231 | D:4      | Reached XP level 6. HP: 11/46 MP: 10/10
  3506 | D:4      | Noticed inc's ghost (amateur OpIE)
  5188 | D:5      | Entered Level 5 of the Dungeon
  5215 | D:5      | Noticed Monsterracer's ghost (novice GrFi)
  5968 | D:5      | Gained mutation: You regenerate a little health from kills. [demonic ancestry]
  5968 | D:5      | Reached XP level 7. HP: 51/51 MP: 1/11
  6036 | D:5      | Reached skill level 5 in Unarmed Combat
  7014 | D:6      | Gained mutation: You are partially covered in molten scales. (AC +2) [demonic ancestry]
  7014 | D:6      | Reached XP level 8. HP: 53/60 MP: 11/13
  7122 | D:6      | Reached skill level 6 in Unarmed Combat
  7256 | D:6      | Found a staircase to the Ecumenical Temple.
  7266 | D:6      | Found a hide-covered altar of Uskayaw.
  7323 | Temple   | Entered the Ecumenical Temple
  7509 | Temple   | Became a worshipper of the Wu Jian Council
  7929 | D:7      | Slain by a sky beast

Skill      XL: |  1  2  3  4  5  6  7  8 |
---------------+-------------------------+-----
Transmutations | 2 3 4 |  4.6
Unarmed Combat | 3 4 5 6 |  6.8
Dodging        | 2 3 4 |  4.4
Fighting       | 2 3 4 |  4.6
Spellcasting   | 3 4 |  4.6

Action                   |  1- 3 |  4- 6 |  7- 9 || total
-------------------------+-------+-------+-------++-------
Melee: Unarmed           |   152 |   233 |   185 ||   570
       Kick              |    16 |    10 |     4 ||    30
       Headbutt          |    21 |    28 |    11 ||    60
       Punch             |     2 |     2 |     2 ||     6
 Cast: Beastly Appendage |    18 |     9 |     2 ||    29
       Spider Form       |     1 |    14 |    16 ||    31
       Sticks to Snakes  |     1 |     7 |     3 ||    11
Invok: Lunge             |       |       |     4 ||     4
  Use: Scroll            |       |     8 |     9 ||    17
       Potion            |       |     1 |       ||     1
 Stab: Sleeping          |     1 |     3 |       ||     4
       Distracted        |       |     1 |       ||     1
  Eat: Chunk             |     3 |    10 |     5 ||    18
       Ration            |       |     2 |     1 ||     3
Armor: Robe              |    50 |    24 |    17 ||    91
       Skin              |     1 |     2 |     2 ||     5
Dodge: Dodged            |   117 |   172 |   188 ||   477
